 Dungeon Crawl Stone Soup version 0.27-a0-13-g87abb2d9eb (webtiles) character file.

Game seed: 4434355066793385084

311 tilp the Chopper (level 6, -3/54 HPs)
             Began as a Palentonga Abyssal Knight on Jan 2, 2021.
             Was a Believer of Lugonu.
             Slain by Menkaure (12 damage)
             ... on level 4 of the Dungeon.
             The game lasted 00:04:16 (4114 turns).

tilp the Chopper (Palentonga Abyssal Knight)        Turns: 4114, Time: 00:04:17

Health: -3/54      AC:  5    Str: 17    XL:     6   Next: 18%
Magic:  9/9        EV:  8    Int: 13    God:    Lugonu [**....]
Gold:   147        SH:  0    Dex:  9    Spells: 5/5 levels left

rFire    . . .     SeeInvis +   a - +1 hand axe
rCold    . . .     Faith    .   (no shield)
rNeg     . . .     Spirit   .   l - +0 ring mail
rPois    .         Reflect  .   (no helmet)
rElec    .         Harm     .   (no cloak)
rCorr    .         Rampage  .   (no gloves)
Will     .....                  (no barding)
Stlth    ..........             j - amulet of regeneration
HPRegen  0.58/turn              (no ring)
MPRegen  0.11/turn              (no ring)

@: no status effects
A: large, rugged brown scales 3, see invisible, deformed body, roll 1, armoured
tail
a: Rolling Charge, Renounce Religion, Depart the Abyss, Bend Space


You were on level 4 of the Dungeon.
You worshipped Lugonu.
Lugonu was pleased with you.
You visited 1 branch of the dungeon, and saw 4 of its levels.
You visited the Abyss 1 time.

You collected 147 gold pieces.

Inventory:

Hand Weapons
 a - a +1 hand axe (weapon)
 k - a +2 mace of venom
Missiles
 b - 2 boomerangs
 c - 43 poisoned darts (quivered)
 d - 93 stones
Armour
 l - a +0 ring mail (worn)
Jewellery
 j - an amulet of regeneration (around neck)
Scrolls
 g - a scroll of random uselessness {unknown}
 h - a scroll of blinking {unknown}
 n - a scroll of remove curse {unknown}
Potions
 e - 2 potions of curing
 f - 2 potions of might
 i - a potion of brilliance
 m - a potion of resistance {unknown}


   Skills:
 - Level 3.0 Fighting
 + Level 5.7 Axes
 - Level 1.5 Armour
 - Level 0.7 Dodging
 - Level 4.0 Invocations


You had 5 spell levels left.
You didn't know any spells.
Your spell library was empty.

Dungeon Overview and Level Annotations

Branches:
Dungeon (4/15)
 Temple: D:4-7

Altars:
Ru
Vehumet
Wu Jian

Annotations:
D:4 Menkaure


Innate Abilities, Weirdness & Mutations

You are completely covered in rugged brown scales. (AC +3, +7% HP)
You have supernaturally acute eyesight. (SInv)
Armour fits poorly on your strangely shaped body.
You can roll at nearby foes to attack.
You have a long armoured tail.


Message History

Menkaure shrieks, "Why can't you leave me to my rest?"
Menkaure calls on the powers of darkness!
Your body is wracked with pain!
You barely miss Menkaure. You tail-slap Menkaure.
Menkaure is moderately damaged.
Menkaure hits you.
You hit Menkaure.
Menkaure is heavily damaged.
Menkaure hits you.
* * * LOW HITPOINT WARNING * * *
You barely miss Menkaure.
Menkaure is heavily damaged.
Menkaure hits you!
* * * LOW HITPOINT WARNING * * *
You hit Menkaure but do no damage.
Menkaure is heavily damaged.
Menkaure hits you.
* * * LOW HITPOINT WARNING * * *
Menkaure hits you!
You die...

....##### #.........# ....#####
#.........# ....#...# #.........#
.####...# #.........# .# #...#
#.........# .# #...# #.........##
.# #...# #..........#######
.####...# #.................
........########@M........#######
รท...............########..####
..........).....# #.......#
........<.......# #.......#
........######### #.......#
..####### #.......# ..# #.......#
..# #.......# ### #.......#


You could see Menkaure (fast).

Vanquished Creatures
  A sky beast (D:4)
  A scorpion (D:4)
  A hound (D:3)
  An iguana (D:4)
  7 adders
  A worm (D:3)
  A dart slug (D:1)
  A leopard gecko (D:3)
  2 giant cockroaches
  2 goblins
  11 hobgoblins
  A quokka (D:2)
  5 bats
  4 frilled lizards
  9 kobolds
  8 rats
56 creatures vanquished.

Notes
Turn   | Place    | Note
-------+----------+-------------------------------------------
     0 | Abyss:1  | tilp the Palentonga Abyssal Knight began the quest for the
                  | Orb.
     0 | Abyss:1  | Reached XP level 1. HP: 20/20 MP: 2/2
    31 | Abyss:1  | Found a shimmering altar of Xom.
    78 | Abyss:1  | Noticed a small abomination
    83 | Abyss:1  | Noticed an apocalypse crab
    85 | D:1      | Escaped the Abyss
   763 | D:1      | Reached * piety under Lugonu
   860 | D:1      | Reached XP level 2. HP: 27/27 MP: 3/3
  1546 | D:2      | Reached skill level 3 in Axes
  1546 | D:2      | Reached XP level 3. HP: 24/33 MP: 5/5
  2128 | D:2      | Found a sacrificial altar of Ru.
  2309 | D:2      | Reached XP level 4. HP: 39/40 MP: 6/6
  2322 | D:2      | Reached ** piety under Lugonu
  2912 | D:2      | Found an ornate altar of the Wu Jian Council.
  3605 | D:4      | Noticed Menkaure
  3605 | D:4      | Noticed an ogre
  3664 | D:3      | Reached skill level 4 in Axes
  3695 | D:4      | Reached XP level 5. HP: 26/48 MP: 8/8
  3821 | D:4      | Noticed a sky beast
  3840 | D:4      | Killed a sky beast
  3841 | D:4      | Reached skill level 5 in Axes
  4024 | D:4      | Reached XP level 6. HP: 48/54 MP: 9/9
  4047 | D:4      | Found a radiant altar of Vehumet.
  4114 | D:4      | Slain by Menkaure

Illustrated notes

Levels and vault maps discovered:
D:1:      wander_arrival_lonely_grave, layout_loops_corners
D:2:      layout_rooms, nicolae_ru_sacrificial_ziggurat,
          nzn_wu_jian_contemplation, minmay_cupped
D:3:      layout_loops_cross, grunt_ministairs_9, serial_park_tiny_2
D:4:      layout_basic, lemuel_round_altar, fiery_altar_vehumet,
          cheibrodos_gnoll_hut, uniq_menkaure

Skill      XL: |  1  2  3  4  5 |
---------------+----------------+-----
Invocations    | 3 4 |  4.0
Axes           | 3 4 5 |  5.7
Fighting       | |  3.0
Armour         | |  1.5
Dodging        | |  0.7

Action                   |  1- 3 |  4- 6 || total
-------------------------+-------+-------++-------
Melee: Hand axe          |    95 |   105 ||   200
       Tailslap          |     7 |     9 ||    16
Throw: Dart              |    10 |    16 ||    26
Invok: Depart the Abyss  |     1 |       ||     1
  Use: Potion            |     3 |       ||     3
       Scroll            |       |     3 ||     3
Armor: Leather armour    |    23 |       ||    23
       Ring mail         |    22 |    33 ||    55
Dodge: Dodged            |    53 |    40 ||    93

Table legend: (Time is in decaauts)
 A = Elapsed time spent in this place.
 B = Non-inter-level travel time spent in this place.
 C = Inter-level travel time spent in this place.
 D = Time resting spent in this place.
 E = Time spent auto-exploring this place.
 F = Levels seen in this place.
 G = Mean time per level.
                   A        B        C        D        E       F      G
               +--------+--------+--------+--------+--------+-----+--------+
         Total |   4141 |   4016 |    125 |   1213 |   2269 |   5 |  828.2 |
       Dungeon |   4056 |   3931 |    125 |   1213 |   2193 |   4 | 1014.0 |
         Abyss |     85 |     85 |      0 |      0 |     76 |   1 |   85.0 |
               +--------+--------+--------+--------+--------+-----+--------+

Top non-repeatable levels by time:
     D:2: 1483 daAuts
     D:1: 1478 daAuts
     D:3: 654 daAuts
     D:4: 440 daAuts
 Abyss:1: 85 daAuts
